 Dungeon Crawl Stone Soup version 0.30-a0-862-g1aabd4f9c5 (webtiles) character file.

Game seed: 4707225658336654307

407 Juicyj the Conjurer (level 6, 0/45 HPs)
             Began as a Draconian Conjurer on Mar 8, 2023.
             Slain by a black bear (1 damage)
             ... on level 4 of the Dungeon.
             The game lasted 00:09:47 (3551 turns).

Juicyj the Conjurer (Draconian Conjurer)            Turns: 3551, Time: 00:09:48

Health: 0/45       AC:  6    Str:  9    XL:     6   Next: 57%
Magic:  0/11       EV: 12    Int: 20    God:
Gold:   152        SH:  0    Dex: 10    Spells: 2/12 levels left

rFire   . . .      SeeInvis .    c - +2 whip (drain)
rCold   . . .      Faith    .    (no shield)
rNeg    . . .      Spirit   .    (body armour unavailable)
rPois   +          Reflect  .    (helmet restricted)
rElec   .          Rampage  .    (no cloak)
rCorr   .                        (no gloves)
Will    .....                    (no boots)
Stlth   ++                       (no amulet)
HPRegen 0.27/turn                b - ring of poison resistance
MPRegen 0.12/turn                j - ring of flight

@: flying
A: AC +6, unfitting armour, cold-blooded
a: no special abilities


You were on level 4 of the Dungeon.
You visited 1 branch of the dungeon, and saw 4 of its levels.

You collected 152 gold pieces.

Inventory:

Hand Weapons
 c - a +2 whip of draining (weapon)
Jewellery
 b - a ring of poison resistance (left hand)
 j - a ring of flight (right hand)
Scrolls
 d - a scroll of blinking
 e - a scroll of vulnerability
 g - a scroll of enchant armour
Potions
 a - a potion of attraction
 f - a potion of lignification
 h - a potion of haste
 k - a potion of heal wounds
 l - 2 potions of curing


   Skills:
 + Level 3.3 Dodging
 + Level 3.6 Stealth
 + Level 3.5 Spellcasting
 + Level 5.2 Conjurations
 + Level 0.7 Hexes
 + Level 0.9 Fire Magic


You had 2 spell levels left.
You knew the following spells:

 Your Spells              Type           Power      Damage    Failure   Level
a - Magic Dart            Conj           96%        1d7       1%          1
b - Searing Ray           Conj           48%        2d6       2%          2
c - Dazzling Flash        Conj/Hex       30%        N/A       12%         3
d - Apportation           Tloc           6%         N/A       14%         1
e - Kindle Blastsparks    Fire/Tloc/Air  8%         2d10      34%         3

Your spell library contained the following spells:

 Spells                   Type           Power      Damage    Failure   Level
 Momentum Strike          Conj/Tloc      26%        3d8       7%          2
 Blink                    Tloc           6%         N/A       21%         2
 Lesser Beckoning         Tloc           6%         N/A       21%         2
 Fulminant Prism          Conj/Hex       7%         3d6       36%         4
 Iskenderun's Mystic Bla  Conj/Tloc      13%        2d5       43%         4
 Alistair's Intoxication  Tmut/Pois      2%         N/A       98%         5
 Starburst                Conj/Fire      7%         6d4       99%         6
 Chain Lightning          Conj/Air       6%         3d8       100%        9


Dungeon Overview and Level Annotations

Branches:
Dungeon (4/15)
 Temple: D:4-7

Altars:

Shops:
D:1 *   D:3 :


Innate Abilities, Weirdness & Mutations

Your plain brown scales are hard. (AC +6)
You cannot fit into any form of body armour.
You are cold-blooded and may be slowed by cold attacks.


Message History

The black bear closely misses you. The black bear barely misses you.
Blink to where?
Press: ? - help, Q - select action, (/) - cycle Dir - move target
As you read the scroll of blinking, it crumbles to dust.
The black bear rages.
Casting: Dazzling Flash (dangerous; 12% risk of failure)
Confirm with . or Enter, or press ? or * to list all spells.
Okay, then.
Found 6 gold pieces and a sling.
Casting: Dazzling Flash (dangerous; 12% risk of failure)
Confirm with . or Enter, or press ? or * to list all spells.
Aiming: Magic Dart (safe; 1% risk of failure)
Press: ? - help, Shift-Dir - straight line, f - black bear
Aim: a black bear (almost dead, berserk, 100% to hit)
The magic dart hits the black bear.
The black bear is almost dead.
The black bear attacks as you move away!
The black bear barely misses you. The black bear claws you.
* * * LOW HITPOINT WARNING * * *
The black bear misses you.
The black bear bites you but does no damage.
The black bear barely misses you. x2
The black bear barely misses you.
The black bear claws you but does no damage. x2
Your magical contamination has completely faded away.
The black bear attacks as you move away!
The black bear bites you!
* * * LOW HITPOINT WARNING * * *
The black bear claws you but does no damage. x2
Casting: Magic Dart (safe; 1% risk of failure)
Confirm with . or Enter, or press ? or * to list all spells.
Aiming: Magic Dart (safe; 1% risk of failure)
Press: ? - help, Shift-Dir - straight line, f/p - black bear
Aim: a black bear (almost dead, berserk, 100% to hit)
The magic dart hits the black bear.
The black bear is almost dead.
The black bear closely misses you.
The black bear claws you but does no damage.
The black bear closely misses you. The black bear bites you.
You die...

#...#.. .....###..#
#......
..........###++###......
...........#............
.....#............<.#...
....................#...
#..............#.......
###................#.#.
.#)....@#.............#.
.......h###........##...
.##.....##.........##.#.
....#.$.#........†....#.
... #................##
.# #..##.........#...#
................##.#..
...#......|....... $...
..###........)....# #...


You could see a black bear (berserk).

Vanquished Creatures
  Sigmund (D:2)
  A jelly (D:4)
  A hound (D:3)
  Terence (D:2)
  Natasha (D:4)
  An orc wizard (D:3)
  4 adders
  2 worms
  A dart slug (D:2)
  7 orcs
  9 ball pythons
  4 endoplasms
  A giant cockroach (D:2)
  5 goblins
  5 hobgoblins
  11 jackals
  6 kobolds
  2 quokkas
  4 bats
  3 frilled lizards
  6 rats
76 creatures vanquished.

Notes
Turn   | Place    | Note
-------+----------+-------------------------------------------
     0 | D:1      | Juicyj the Draconian Conjurer began the quest for the Orb.
     0 | D:1      | Reached XP level 1. HP: 14/14 MP: 3/3
   355 | D:1      | Reached XP level 2. HP: 20/20 MP: 3/5
   561 | D:1      | Found Lacweol's Assorted Antiques.
   909 | D:1      | Got the Codex of Dynamic Lava
   920 | D:1      | Learned a level 2 spell: Searing Ray
  1060 | D:2      | Reached XP level 3. HP: 24/26 MP: 0/6
  1250 | D:2      | Noticed Sigmund
  1262 | D:2      | Killed Sigmund
  1263 | D:2      | Reached XP level 4. HP: 14/33 MP: 3/8
  1263 | D:2      | Reached XP level 5. HP: 17/38 MP: 3/9
  1421 | D:2      | Noticed Terence
  1438 | D:2      | Killed Terence
  1891 | D:2      | Reached skill level 5 in Conjurations
  1960 | D:2      | Learned a level 3 spell: Dazzling Flash
  2342 | D:3      | Learned a level 1 spell: Apportation
  2346 | D:3      | Learned a level 3 spell: Kindle Blastsparks
  2501 | D:3      | Reached XP level 6. HP: 44/45 MP: 1/10
  2712 | D:3      | You are sucked into a shaft and drop 1 floor!
  2804 | D:3      | Found Dimulaj's Book Emporium.
  3426 | D:4      | Noticed Natasha
  3435 | D:4      | Killed Natasha
  3550 | D:4      | HP: 1/45 [black bear (10)]
  3551 | D:4      | Slain by a black bear

Illustrated notes

Levels and vault maps discovered:
D:1:      minmay_arrival_three_doors, layout_basic, serial_shops, shop,
          serial_park_tiny_pond, chequers_serial_rivers_marsh
D:2:      layout_loops_ring, minivault_25, minmay_octomino_j4, uniq_sigmund,
          uniq_terence
D:3:      layout_basic, serial_shops, nicolae_shop_window_shopping,
          chequers_serial_rivers_micro_b
D:4:      layout_cave_pools, corexii_leaking_fountain,
          kennysheep_generic_room_12, uniq_natasha

Skill      XL: |  1  2  3  4  5 |
---------------+----------------+-----
Stealth        | 2 3 |  3.6
Dodging        | 2 3 |  3.3
Spellcasting   | 3 |  3.5
Conjurations   | 5 |  5.2
Hexes          | |  0.7
Fire Magic     | |  0.9

Action                     |  1- 3 |  4- 6 || total
---------------------------+-------+-------++-------
  Melee: Whip              |    29 |    33 ||    62
         Tailslap          |       |     2 ||     2
         Punch             |       |     1 ||     1
   Cast: Magic Dart        |    43 |   107 ||   150
         Searing Ray       |     1 |     1 ||     2
         Dazzling Flash    |       |     2 ||     2
    Use: Potion            |     1 |     5 ||     6
         Scroll            |       |     9 ||     9
 Armour: Skin              |     9 |    28 ||    37
  Dodge: Dodged            |    21 |    40 ||    61

Table legend: (Time is in decaauts)
 A = Elapsed time spent in this place.
 B = Non-inter-level travel time spent in this place.
 C = Inter-level travel time spent in this place.
 D = Time resting spent in this place.
 E = Time spent auto-exploring this place.
 F = Levels seen in this place.
 G = Mean time per level.
                   A        B        C        D        E       F      G
               +--------+--------+--------+--------+--------+-----+--------+
         Total |   3562 |   3451 |    111 |     10 |   2978 |   4 |  890.5 |
       Dungeon |   3562 |   3451 |    111 |     10 |   2978 |   4 |  890.5 |
               +--------+--------+--------+--------+--------+-----+--------+

Top non-repeatable levels by time:
     D:3: 1170 daAuts
     D:2: 1158 daAuts
     D:1: 978 daAuts
     D:4: 255 daAuts
